 Dungeon Crawl Stone Soup version 0.29-a0-495-g17b79114eb (webtiles) character file.

Game seed: 7711107492052958597

0 croobank the Sneak (level 1, -2/16 HPs)
             Began as an Octopode Delver on May 27, 2022.
             Slain by Grinder (5 damage)
             ... while paralysed by Grinder
             ... on level 4 of the Dungeon.
             The game lasted 00:01:25 (134 turns).

croobank the Sneak (Octopode Delver)                 Turns: 134, Time: 00:01:25

Health: -2/16      AC:  1    Str: 11    XL:     1   Next: 10%
Magic:  1/1        EV:  2    Int: 12    God:
Gold:   11         SH:  0    Dex: 13    Spells: 0/0 levels left

rFire   . . .      SeeInvis .   k - +0 short sword
rCold   . . .      Faith    .   (no shield)
rNeg    . . .      Spirit   .   (helmet restricted)
rPois   .          Reflect  .   (no amulet)
rElec   .          Harm     .   (no ring)
rCorr   .          Rampage  .   (no ring)
Will    .....                   (no ring)
Stlth   ++++......              (no ring)
HPRegen 0.05/turn               (no ring)
MPRegen 0.07/turn               (no ring)
                                (no ring)
                                (no ring)

@: paralysed
A: almost no armour, amphibious, 8 rings, camouflage 1, gelatinous body 1,
(nimble swimmer 1), tentacles
a: no special abilities


You were on level 4 of the Dungeon.
You visited 1 branch of the dungeon, and saw 2 of its levels.

You collected 11 gold pieces.

Inventory:

Hand Weapons
 a - a +0 hand axe
 k - a +0 short sword (weapon)
Missiles
 i - 13 stones (quivered)
Wands
 f - a wand of digging (3)
Scrolls
 b - 2 scrolls of fog
 d - a scroll of enchant weapon {unknown}
 h - a scroll of blinking {unknown}
 j - a scroll of teleportation {unknown}


   Skills:
 + Level 3.0 Fighting
 + Level 2.0 Axes
 + Level 2.0 Dodging
 + Level 6.6 Stealth


You couldn't memorise any spells.
You didn't know any spells.
Your spell library was empty.

Dungeon Overview and Level Annotations

Branches:
Dungeon (5/15)
 Temple: D:4-7

Altars:

Annotations:
D:4 Grinder


Innate Abilities, Weirdness & Mutations

You cannot wear most types of armour.
You are amphibious.
You can wear up to eight rings at the same time.
Your skin changes colour to match your surroundings (Stealth+).
Your rubbery body absorbs attacks. (AC +1, EV +1)
((You are camouflaged when in or above water. (Stealth+)))
You have tentacles for arms and can constrict up to eight enemies at once.


Message History

You climb upwards.
Found 11 gold pieces.
There is a stone staircase leading down here.
The helpless kobold fails to defend itself.
You hit the kobold. You grab the kobold.
The kobold is moderately wounded.
You constrict the kobold. The kobold barely misses you.
You slash the kobold!
You kill the kobold!
You see here a +0 short sword.
k - a +0 short sword
k - a +0 short sword (weapon)
There is a stone staircase leading down here.
You now have 11 gold pieces.
An ogre comes into view. It is wielding a +0 giant club.
A hound comes into view.
The hound barks!
You feel yourself speed up. The hound attacks as you move away!
The hound bites you but does no damage.
Grinder comes into view.
Grinder shouts!
Okay, then.
It was a potion of cancellation.
Your magical effects are unravelling.
You feel magically purged.
You feel yourself slow down.
The hound pauses to sniff the ground.
The hound closely misses you.
As you read the scroll labelled JANGUL ITUFF, it crumbles to dust.
It is a scroll of amnesia.
You feel forgetful for a moment. The hound bites you. Grinder gestures at you.
You suddenly lose the ability to move!
The hound bites you. x3
Grinder gestures at you.
You struggle to resist.
The hound bites you. x2; Grinder hits you.
* * * LOW HITPOINT WARNING * * *
You writhe in agony.
You die...

# #......#######
....# #.#.#........#
.....##............#
........#.#........#
..................#
.....###..........#
.#.#.###...>......#
#.5............####
#.@h...............
#.#################
##


You could see Grinder and a hound.

Vanquished Creatures
  A kobold (D:4)
1 creature vanquished.

Notes
Turn   | Place    | Note
-------+----------+-------------------------------------------
     0 | D:5      | croobank the Octopode Delver began the quest for the Orb.
     0 | D:5      | Reached XP level 1. HP: 16/16 MP: 1/1
     0 | D:5      | Noticed a lemure
     2 | D:5      | Noticed a hound
    37 | D:5      | Noticed an ogre
    81 | D:5      | Noticed an ice beast
   107 | D:4      | Noticed an ogre
   122 | D:4      | Noticed a hound
   128 | D:4      | Noticed Grinder
   131 | D:4      | Paralysed by Grinder for 5 turns
   134 | D:4      | Slain by Grinder

Illustrated notes

Levels and vault maps discovered:
D:4:      minmay_general_purpose_star, layout_rooms,
          nicolae_tso_besieged_by_evil, minmay_temple_entry_proselytizer,
          serial_glass, glass_columns_c, glass_columns_a, uniq_grinder
D:5:      minmay_bubble_buster, layout_basic, uniq_pikel

Action                   || total
-------------------------++-------
Melee: Hand axe          ||     2
       Constrict         ||     1
  Use: Scroll            ||     3
       Potion            ||     2
 Stab: Sleeping          ||     1
Armor: Skin              ||     1
Dodge: Dodged            ||     2

Table legend: (Time is in decaauts)
 A = Elapsed time spent in this place.
 B = Non-inter-level travel time spent in this place.
 C = Inter-level travel time spent in this place.
 D = Time resting spent in this place.
 E = Time spent auto-exploring this place.
 F = Levels seen in this place.
 G = Mean time per level.
                   A        B        C        D        E       F      G
               +--------+--------+--------+--------+--------+-----+--------+
         Total |    131 |    131 |      0 |      0 |      0 |   2 |   65.5 |
       Dungeon |    131 |    131 |      0 |      0 |      0 |   2 |   65.5 |
               +--------+--------+--------+--------+--------+-----+--------+

Top non-repeatable levels by time:
     D:5: 90 daAuts
     D:4: 41 daAuts
